 Dungeon Crawl Stone Soup version 0.29.0-4-gdea44cf6ec (webtiles) character file.

Game seed: 10848347173142006891

56 qw the Chopper (level 3, -3/21 HPs)
             Began as a Tengu Warper on Aug 28, 2022.
             Killed from afar by an orc wizard (8 damage)
             ... with a puff of flame
             ... on level 3 of the Dungeon.
             The game lasted 00:00:11 (2036 turns).

qw the Chopper (Tengu Warper)                       Turns: 2036, Time: 00:00:12

Health: -3/21      AC: 10    Str: 13    XL:     3   Next: 95%
Magic:  7/7        EV:  3    Int: 13    God:
Gold:   107        SH:  0    Dex: 13    Spells: 6/6 levels left

rFire   . . .      SeeInvis .   Y - +0 hand axe
rCold   . . .      Faith    .   (no shield)
rNeg    . . .      Spirit   .   j - +0 plate armour
rPois   .          Reflect  .   (helmet restricted)
rElec   .          Harm     .   (no cloak)
rCorr   +          Rampage  .   (no gloves)
Will    .....                   (boots unavailable)
Stlth   ..........              (no amulet)
HPRegen 0.07/turn               f - ring of resist corrosion
MPRegen 0.10/turn               (no ring)

@: no status effects
A: beak, talons 3
a: no special abilities


You were on level 3 of the Dungeon.
You visited 1 branch of the dungeon, and saw 3 of its levels.

You collected 107 gold pieces.


Innate Abilities, Weirdness & Mutations

You have a beak for a mouth.
You have claws for feet.


   Skills:
 - Level 2.0 Fighting
 - Level 4.4 Axes
 - Level 1.0 Throwing
 + Level 1.4 Armour
 - Level 2.1 Dodging
 - Level 2.0 Spellcasting
 - Level 2.4 Translocations


You had 6 spell levels left.
You didn't know any spells.
Your spell library contained the following spells:

 Spells                   Type           Power      Damage    Failure   Level
 Blink                    Tloc           14%        N/A       100%        2
 Gell's Gravitas          Tloc           7%         N/A       100%        3
 Lesser Beckoning         Tloc           7%         N/A       100%        3
 Teleport Other           Tloc           7%         N/A       100%        3
 Manifold Assault         Tloc           7%         N/A       100%        5

Inventory:

Hand Weapons
 e - a +0 club
 Y - a +0 hand axe (weapon)
Armour
 j - a +0 plate armour (worn)
Jewellery
 f - a ring of resist corrosion (left hand)
Scrolls
 a - a scroll of teleportation
Potions
 c - a potion of flight {unknown}
 g - a potion of might {unknown}
 h - a potion of lignification {unknown}
 i - a potion of mutation {unknown}

Dungeon Overview and Level Annotations

Branches:
Dungeon (3/15)

Altars:

Annotations:
D:3 3 runed translucent doors, qw's ghost, amateur TeWr


Message History

You barely miss the orc wizard.
The orc wizard hits you but does no damage.
The orc hits you but does no damage.
You hit the orc but do no damage. You claw the orc.
You kill the orc!
You hit the orc wizard.
The orc wizard hits you but does no damage.
You barely miss the orc wizard.
The orc wizard is moderately wounded.
The orc wizard points at you and mumbles some strange words.
You resist with significant effort.
You hit the orc wizard. Your kick misses the orc wizard.
The orc wizard is moderately wounded.
The orc wizard gestures at you while chanting.
The puff of flame hits you.
You hit the orc wizard but do no damage.
The orc wizard is moderately wounded.
The orc wizard hits you but does no damage.
You barely miss the orc wizard. Your peck misses the orc wizard.
The orc wizard is moderately wounded.
You hit the rat.
You kill the rat!
The orc wizard gestures wildly while chanting.
The orc wizard flickers and vanishes!
Deactivating autopickup; reactivate with Ctrl-A.
Something hits you but does no damage.
You closely miss something.
You hear some strange, mumbled words.
Something tries to affect you, but you resist.
You completely miss something. Something hits you.
You miss something. Something hits you.
You miss something. Something hits you.
You miss something.
You hear some strange, mumbled words.
A puff of flame appears from out of thin air!
The puff of flame hits you!
You die...

...#..r ... #..#..######
#.##..#.....
#.##..#..#.#..#..#
#.##..#...#...+..#
#.##..#.(.....+..#
####.##.##..#J$.#...+..#
.......){%..#r.#.#..#..##
####.##.#@..#.......#...#
# ...##..#########....
..####..............#
......................#
.. .#######..#....#..## #
#.##...## ..# #.##...# #
##.##...# .###....#######


You could see an endoplasm.

Vanquished Creatures
  A dart slug (D:1)
  2 orcs (D:3)
  2 bats (D:1)
  5 endoplasms
  3 giant cockroaches
  5 goblins
  5 hobgoblins
  3 jackals (D:2)
  2 quokkas (D:2)
  8 ball pythons
  A frilled lizard (D:2)
  4 kobolds (D:1)
  3 rats
  A spectral kobold (D:1)
45 creatures vanquished.

Notes
Turn   | Place    | Note
-------+----------+-------------------------------------------
     0 | D:1      | qw the Tengu Warper began the quest for the Orb.
     0 | D:1      | Reached XP level 1. HP: 12/12 MP: 4/4
     0 | D:1      | 0 ||| qw: Version: 0.1-a-89-g26bdef1
     0 | D:1      | 0 ||| qw: Game counter: 1070
     0 | D:1      | 0 ||| qw: Always use a shield: true
     0 | D:1      | 0 ||| qw: God list: Okawaru
     0 | D:1      | 0 ||| qw: Allow faded altars: false
     0 | D:1      | 0 ||| qw: Do Orc after D:15 true
     0 | D:1      | 0 ||| qw: Do second Lair branch before Depths: true
     0 | D:1      | 0 ||| qw: Lair rune preference: random
     0 | D:1      | 0 ||| qw: Plans: Normal
     0 | D:1      | 0 ||| PLANNING D:1-11
   387 | D:1      | Reached skill level 3 in Axes
   387 | D:1      | Reached XP level 2. HP: 17/17 MP: 6/6
   418 | D:1      | Found a faded altar of an unknown god.
   419 | D:1      | 419 ||| Stepping ~*~*~tactically~*~*~ (stealth).
   421 | D:1      | 421 ||| Stepping ~*~*~tactically~*~*~ (stealth).
   775 | D:1      | 775 ||| Stepping ~*~*~tactically~*~*~ (stealth).
   970 | D:1      | Reached XP level 3. HP: 21/21 MP: 7/7
  1117 | D:1      | 1117 ||| UPGRADING to +0 chain mail.
  1127 | D:1      | 1127 ||| DROPPING +0 leather armour.
  1128 | D:1      | 1128 ||| DROPPING amulet of faith.
  1129 | D:1      | 1129 ||| UPGRADING to ring of resist corrosion.
  1130 | D:1      | 1130 ||| READING scroll labelled HIUTTE TALUISCH.
  1131 | D:1      | 1131 ||| READING scroll labelled ARI OLEYTIUM.
  1132 | D:1      | 1132 ||| READING scroll labelled LAZODGH LUCA.
  1133 | D:1      | 1133 ||| DROPPING scroll of blinking.
  1145 | D:2      | 1145 ||| STAIRDANCE
  1151 | D:2      | 1151 ||| STAIRDANCE
  1202 | D:2      | 1202 ||| Stepping ~*~*~tactically~*~*~ (stealth).
  1203 | D:2      | 1203 ||| Stepping ~*~*~tactically~*~*~ (stealth).
  1209 | D:2      | Reached skill level 4 in Axes
  1210 | D:2      | 1210 ||| FLEEEEING.
  1212 | D:2      | 1212 ||| FLEEEEING.
  1213 | D:2      | 1213 ||| STAIRDANCE
  1353 | D:2      | 1353 ||| Stepping ~*~*~tactically~*~*~ (stealth).
  1659 | D:2      | 1659 ||| Stepping ~*~*~tactically~*~*~ (stealth).
  1877 | D:2      | 1877 ||| Stepping ~*~*~tactically~*~*~ (stealth).
  1941 | D:2      | 1941 ||| UPGRADING to +0 plate armour.
  1951 | D:2      | 1951 ||| DROPPING +0 chain mail.
  1952 | D:2      | 1952 ||| READING 2 scrolls labelled GIWOEN OTOKAOPT.
  1956 | D:2      | 1956 ||| READING scroll labelled DIEFES VUMAPIPT.
  1987 | D:3      | Noticed qw's ghost (amateur TeWr)
  1988 | D:3      | Found a runed translucent gate.
  1990 | D:3      | Found a runed translucent gate.
  1990 | D:3      | Found a runed translucent gate.
  2008 | D:3      | 2008 ||| Stepping ~*~*~tactically~*~*~ (stealth).
  2010 | D:3      | 2010 ||| Stepping ~*~*~tactically~*~*~ (stealth).
  2019 | D:3      | 2019 ||| Stepping ~*~*~tactically~*~*~ (stealth).
  2020 | D:3      | 2020 ||| Stepping ~*~*~tactically~*~*~ (stealth).
  2022 | D:3      | 2022 ||| FLEEEEING.
  2035 | D:3      | HP: 5/21 [something (4)]
  2036 | D:3      | Killed from afar by an orc wizard

Levels and vault maps discovered:
D:1:      scummos_arrival_forest, layout_loops_corners,
          dreamdust_ecumenical_altar_drowned_temple
D:2:      layout_rooms, lightli_corner_chamber
D:3:      layout_rooms, gammafunk_ghost_split, serial_shops, shop_fountains,
          shop, shop, shop_fountains

Skill      XL: |  1  2  3 |
---------------+----------+-----
Axes           | 3 4 |  4.4
Fighting       | |  2.0
Throwing       | |  1.0
Armour         | |  1.4
Dodging        | |  2.1
Spellcasting   | |  2.0
Translocations | |  2.4

Action                   || total
-------------------------++-------
Melee: Hand axe          ||    95
       Kick              ||    29
       Punch             ||     2
       Peck              ||    12
Throw: Boomerang         ||     7
       Javelin           ||     2
  Use: Scroll            ||     5
Armor: Leather armour    ||    10
       Chain mail        ||    20
       Plate armour      ||     9
Dodge: Dodged            ||    30

Table legend:
 A = Non-vault XP
 B = Vault XP
 C = Vault XP percentage of total XP
 D = Non-vault monster count
 E = Vault monster count
 F = Vault count percentage of total count
                 A         B        C        D         E       F
            +---------+---------+-------+---------+---------+-------
      Total |      79 |       1 |   1.2 |      44 |       1 |   2.2
            +---------+---------+-------+---------+---------+-------
        D:1 |      40 |       1 |   2.4 |      23 |       1 |   4.2
        D:2 |      31 |       0 |   0.0 |      17 |       0 |   0.0
        D:3 |       8 |       0 |   0.0 |       4 |       0 |   0.0
            +---------+---------+-------+---------+---------+-------
